[Event "ICC tourney 3172 (30 10)"]
[Site "Internet Chess Club"]
[Date "2023.04.15"]
[Round "5"]
[White "WEN, YILI:yyyw"]
[Black "ZHOU, JIANCHAO:TomCruise999"]
[Result "0-1"]
[ICCResult "White checkmated"]
[WhiteElo "2111"]
[BlackElo "2648"]
[Opening "English: Caro-Kann defensive system"]
[ECO "A11"]
[NIC "EO.64"]
[Time "20:01:01"]
[PlyCount "84"]
[TimeControl "1800+10"]

1. c4 c6 2. d4 Nf6 3. Nc3 d5 4. cxd5 cxd5 5. Bf4 Nc6 6. e3 e6 7. Bd3 Bd6 8.
Nge2 Bxf4 9. Nxf4 O-O 10. O-O Qd6 11. Qd2 Bd7 12. Rac1 Ne7 13. Bb1 Rfc8 14.
Nd3 Rc7 15. Ne5 Rac8 16. g4 Be8 17. g5 Nh5 18. Qe2 g6 19. Qf3 Qb6 20. Rcd1
Qxb2 21. Ne2 Nf5 22. Nf4 Nxf4 23. Qxf4 Ba4 24. Ng4 Bxd1 25. Nf6+ Kh8 26.
Bxf5 gxf5 27. Qh4 h5 28. gxh6 Qb4 29. Qg5 Qf8 30. Rxd1 Rc1 31. Rxc1 Rxc1+
32. Kg2 Rc8 33. Kh3 b5 34. Kh4 b4 35. Kh5 a5 36. Qg3 Rd8 37. Qc7 a4 38. Nd7
Rxd7 39. Qxd7 Kh7 40. Kh4 Qxh6+ 41. Kg3 Qg5+ 42. Kf3 Qg4# {White checkmated}
0-1

[Event "ICC tourney 3172 (30 10)"]
[Site "Internet Chess Club"]
[Date "2023.04.15"]
[Round "5"]
[White "HAO, RYAN:Ryan334"]
[Black "SURESH, SUDEEP:playe49"]
[Result "0-1"]
[ICCResult "White checkmated"]
[WhiteElo "1500"]
[BlackElo "1657"]
[Opening "Caro-Kann: exchange variation"]
[ECO "B13"]
[NIC "CK.02"]
[Time "20:00:07"]
[PlyCount "200"]
[TimeControl "1800+10"]

1. e4 c6 2. d4 d5 3. exd5 cxd5 4. Bd3 Nc6 5. c3 Nf6 6. Nf3 Bg4 7. h3 Bh5 8.
Bg5 e6 9. Nbd2 Be7 10. O-O O-O 11. Qb3 Qc7 12. Rfe1 Rab8 13. Qc2 Bg6 14.
Bxg6 hxg6 15. Ne5 b5 16. Bf4 Bd6 17. Nxc6 Qxc6 18. Bxd6 Qxd6 19. Nf3 b4 20.
Rad1 bxc3 21. Qxc3 Ne4 22. Qc2 Rfc8 23. Qe2 Qb6 24. Rb1 Rc7 25. Qd3 Rbc8 26.
b3 Rc2 27. Re2 Qc7 28. Rbe1 Rxe2 29. Qxe2 Qc2 30. Ne5 Qxe2 31. Rxe2 Kf8 32.
f3 Rc1+ 33. Kh2 Nd6 34. Nd7+ Ke7 35. Nc5 Rd1 36. Rc2 Rxd4 37. Na6 Ne8 38.
Nc7 a5 39. Nxe8 Kxe8 40. Rc8+ Kd7 41. Ra8 a4 42. Ra7+ Ke8 43. Ra8+ Ke7 44.
Ra7+ Kf6 45. bxa4 Rd2 46. a5 Rxa2 47. Kg3 g5 48. Kh2 e5 49. Kg1 e4 50. Ra6+
Kf5 51. g4+ Ke5 52. fxe4 dxe4 53. Ra7 Ke6 54. Ra6+ Ke7 55. Ra7+ Ke6 56. Ra6+
Ke5 57. Ra7 f5 58. Rxg7 Kf6 59. Rg8 Rxa5 60. Rf8+ Kg7 61. Re8 Kf7 62. Rd8 f4
63. Rd4 Re5 64. Kf2 Kf6 65. Rd6+ Re6 66. Rd4 e3+ 67. Ke2 Ke5 68. Rb4 Rd6 69.
Rb5+ Rd5 70. Rb2 Ke4 71. Rb4+ Rd4 72. Rb2 Rd2+ 73. Rxd2 exd2 74. Kxd2 Kf3
75. h4 gxh4 76. g5 h3 77. g6 h2 78. g7 h1=Q 79. g8=Q Qg2+ 80. Qxg2+ Kxg2 81.
Ke2 f3+ 82. Ke1 f2+ 83. Kd2 f1=Q 84. Ke3 Qf2+ 85. Ke4 Kg3 86. Kd3 Qe1 87.
Kc2 Kf3 88. Kd3 Qe2+ 89. Kd4 Kf4 90. Kc3 Qd1 91. Kb2 Ke3 92. Kc3 Qd5 93. Kb4
Qc6 94. Kb3 Qc5 95. Kb2 Qc4 96. Ka3 Qb5 97. Ka2 Qb4 98. Ka1 Kd2 99. Ka2 Kc2
100. Ka1 Qb2# {White checkmated} 0-1

[Event "ICC tourney 3172 (30 10)"]
[Site "Internet Chess Club"]
[Date "2023.04.15"]
[Round "5"]
[White "WU, JAYDEN:SparkyNinja"]
[Black "Laido, Olivia:beibeiolivia"]
[Result "1-0"]
[ICCResult "Black checkmated"]
[WhiteElo "2014"]
[BlackElo "1959"]
[Opening "Ruy Lopez: 5.O-O"]
[ECO "C78"]
[NIC "RL.12"]
[Time "20:00:49"]
[PlyCount "169"]
[TimeControl "1800+10"]

1. e4 e5 2. Nf3 Nc6 3. Bb5 a6 4. Ba4 Nf6 5. O-O b5 6. Bb3 Bc5 7. a4 Bb7 8.
d3 h6 9. Nc3 b4 10. Nd5 a5 11. c3 d6 12. d4 Bb6 13. Nxb6 cxb6 14. Re1 bxc3
15. bxc3 O-O 16. Ba3 Re8 17. d5 Ne7 18. Nd2 Ba6 19. Bc4 Bb7 20. Bb5 Rf8 21.
Nc4 Nc8 22. Qb3 Qc7 23. f4 Rd8 24. fxe5 dxe5 25. Rad1 Qb8 26. d6 Nxe4 27. d7
Nc5 28. Bxc5 bxc5 29. dxc8=Q Qxc8 30. Nd6 Qc7 31. Nxb7 Qxb7 32. Rxe5 Qc7 33.
Red5 Rxd5 34. Qxd5 Rb8 35. Qd6 Qa7 36. Qd7 Rb7 37. Qd8+ Kh7 38. c4 Rb8 39.
Qd7 Rb7 40. Qf5+ g6 41. Qf6 Rb6 42. Qd8 Rb8 43. Rd7 Rxd8 44. Rxa7 Rd1+ 45.
Kf2 Kg8 46. Rxa5 Rd2+ 47. Kf1 Rd1+ 48. Ke2 Rg1 49. Kf2 Ra1 50. Ra8+ Kg7 51.
h3 h5 52. Rc8 h4 53. Rxc5 Ra2+ 54. Kg1 Ra1+ 55. Kh2 f5 56. Re5 Kf6 57. Re2
g5 58. c5 g4 59. hxg4 fxg4 60. g3 hxg3+ 61. Kxg3 Rg1+ 62. Kh2 Rc1 63. c6 Rc5
64. Rb2 Ke6 65. a5 Kd6 66. a6 Rh5+ 67. Kg3 Rh7 68. Bf1 Kxc6 69. Bg2+ Kc5 70.
Rb7 Rh6 71. a7 Ra6 72. Rg7 Ra3+ 73. Kxg4 Ra4+ 74. Kh3 Ra3+ 75. Kh2 Kb6 76.
a8=Q Rxa8 77. Bxa8 Ka6 78. Rb7 Ka5 79. Kg3 Ka6 80. Kf4 Ka5 81. Ke4 Ka6 82.
Kd4 Ka5 83. Kc4 Ka6 84. Kc5 Ka5 85. Ra7# {Black checkmated} 1-0

[Event "ICC tourney 3172 (30 10)"]
[Site "Internet Chess Club"]
[Date "2023.04.15"]
[Round "5"]
[White "Belous, Vladimir:Openyagami"]
[Black "Volkov, Sergey:Volkov"]
[Result "1/2-1/2"]
[ICCResult "Game drawn because neither player has mating material"]
[WhiteElo "2604"]
[BlackElo "2503"]
[Opening "QGD Slav: 4.e3 Bf5"]
[ECO "D12"]
[NIC "QP.08"]
[Time "20:00:43"]
[PlyCount "130"]
[TimeControl "1800+10"]

1. d4 d5 2. Nf3 Nf6 3. e3 Bf5 4. c4 c6 5. Nc3 e6 6. Ne5 Nbd7 7. cxd5 exd5 8.
g4 Be6 9. g5 Ne4 10. Nxd7 Qxd7 11. Nxe4 dxe4 12. Bg2 Bd5 13. h4 h6 14. Bh3
Bb4+ 15. Bd2 Qe7 16. Bxb4 Qxb4+ 17. Qd2 Qxd2+ 18. Kxd2 hxg5 19. hxg5 Ke7 20.
Bg2 Ke6 21. Bh3+ Kd6 22. Bg2 Ke6 23. Bh3+ f5 24. gxf6+ Kxf6 25. a3 Rh4 26.
Bg2 Rah8 27. Rxh4 Rxh4 28. Rh1 g5 29. Ke2 Bc4+ 30. Kd2 Kf5 31. Bh3+ Kf6 32.
Bg2 Bd3 33. b4 Ke6 34. f3 Rxh1 35. Bxh1 Kf5 36. a4 Bb1 37. a5 exf3 38. Bxf3
g4 39. a6 bxa6 40. Bxc6 g3 41. Ke2 Kg4 42. Kf1 Bd3+ 43. Kg2 Bf5 44. Bb7 Kh4
45. Bxa6 Be4+ 46. Kg1 Kg4 47. Be2+ Kf5 48. Bf1 Bf3 49. Bg2 Be2 50. Bb7 Kg4
51. Kg2 Bd3 52. Bf3+ Kh4 53. e4 Bb5 54. e5 Bd7 55. d5 Bh3+ 56. Kg1 Kg5 57.
d6 Kf4 58. Bc6 Kxe5 59. d7 Bxd7 60. Bxd7 Kd4 61. Kg2 Kc4 62. b5 Kc5 63. Kxg3
Kb6 64. Kf4 a6 65. bxa6 Kxa6
{Game drawn because neither player has mating material}
1/2-1/2